 Dungeon Crawl Stone Soup version 0.30-a0-1070-gd49b78fada (webtiles) character file.

Game seed: 18304372494552196967

1007 Ijustatesigmund the Magician (level 8, 0/41 HPs)
             Began as a Deep Elf Conjurer on Apr 13, 2023.
             Shot with an arrow by a centaur (7 damage)
             ... on level 6 of the Dungeon.
             The game lasted 00:12:53 (5953 turns).

Ijustatesigmund the Magician (Deep Elf Conjurer)    Turns: 5953, Time: 00:12:54

Health: 0/41       AC:  9    Str:  4    XL:     8   Next: 0%
Magic:  10/21      EV: 12    Int: 26    God:
Gold:   435        SH:  0    Dex: 13    Spells: 9/21 levels left

rFire   . . .      SeeInvis .    m - +0 sling
rCold   . . .      Faith    .    (no shield)
rNeg    . . .      Spirit   .    a - +0 steam dragon scales
rPois   .          Reflect  .    h - +1 helmet
rElec   .          Rampage  .    (no cloak)
rCorr   .                        j - +1 pair of gloves
Will    .....                    (no boots)
Stlth   ++                       (no amulet)
HPRegen 0.26/turn                d - ring of wizardry
MPRegen 0.17/turn                (no ring)

@: no status effects
A: no striking features
a: no special abilities


You were on level 6 of the Dungeon.
You visited 2 branches of the dungeon, and saw 7 of its levels.

You collected 435 gold pieces.

Inventory:

Hand Weapons
 f - a +1 mace
 m - a +0 sling (weapon)
Missiles
 p - 2 throwing nets
Armour
 a - +0 steam dragon scales (worn)
 h - a +1 helmet (worn)
 j - a +1 pair of gloves (worn)
Jewellery
 d - a ring of wizardry (left hand)
Wands
 r - a wand of mindburst (14)
Scrolls
 l - a scroll of immolation
Potions
 b - a potion of magic
 e - 2 potions of lignification
 i - a potion of flight
 k - a potion of resistance {unknown}
 q - a potion of mutation {unknown}


   Skills:
 - Level 3.2 Ranged Weapons
 - Level 2.4 Dodging
 - Level 2.4 Stealth
 + Level 7.4 Spellcasting
 + Level 6.5 Conjurations
 + Level 4.7 Translocations
 + Level 3.3 Fire Magic


You had 9 spell levels left.
You knew the following spells:

 Your Spells              Type           Power      Damage    Failure   Level
a - Magic Dart            Conj           100%       1d8       1%          1
b - Searing Ray           Conj           86%        2d7       1%          2
c - Iskenderun's Mystic   Conj/Tloc      38%        2d9       2%          4
d - Fireball              Conj/Fire      17%        3d9       9%          5

Your spell library contained the following spells:

 Spells                   Type           Power      Damage    Failure   Level
 Dazzling Flash           Conj/Hex       52%        N/A       1%          3
 Volatile Blastmotes      Fire/Tloc      60%        2d15      1%          3
 Call Imp                 Summ           18%        N/A       3%          2
 Sublimation of Blood     Necr           9%         N/A       3%          2
 Wereblood                Tmut           9%         N/A       3%          2
 Mephitic Cloud           Conj/Pois/Air  20%        N/A       3%          3
 Ignite Poison            Fire/Tmut/Pois 15%        N/A       4%          3
 Fulminant Prism          Conj/Hex       13%        3d9       6%          4
 Summon Hydra             Summ           4%         N/A       100%        7


Dungeon Overview and Level Annotations

Branches:
Dungeon (6/15)             Temple (1/1) D:4

Altars:
Ashenzari
Cheibriados
Dithmenos
Elyvilon
Fedhas
Gozag
Hepliaklqana
Kikubaaqudgha
Makhleb
Nemelex Xobeh
Okawaru
Qazlal
Ru
Sif Muna
Trog
Uskayaw
Vehumet
Wu Jian
Xom
Yredelemnul

Shops:
D:4 (


Message History

The orc wizard mumbles some strange words.
The orc wizard flickers and vanishes!
Deactivating autopickup; reactivate with Ctrl-A.
Casting: Searing Ray (safe; 1% risk of failure)
Confirm with . or Enter, or press ? or * to list all spells.
You erupt in a blast of force!
The mystic blast hits the orc!
You kill the orc!
The centaur shoots an arrow.
The arrow barely misses you.
The centaur shoots an arrow.
The arrow hits you but does no damage.
The centaur shoots an arrow.
The arrow hits you.
Okay, then.
You feel better.
The centaur shoots an arrow.
The arrow hits you.
The centaur shoots an arrow.
The arrow hits you. The orc warrior completely misses you.
The orc wizard gestures wildly while chanting.
The orc wizard flickers and vanishes!
Casting: Iskenderun's Mystic Blast (dangerous; 2% risk of failure)
Confirm with . or Enter, or press ? or * to list all spells.
You erupt in a blast of force!
The mystic blast hits the orc warrior!
The orc warrior is heavily wounded.
The orc warrior is knocked back by the mystic blast.
The orc warrior collides with something!
The mystic blast hits something!
The centaur shoots an arrow.
The arrow closely misses you.
The centaur shoots an arrow.
The arrow hits you!
* * * LOW HITPOINT WARNING * * *
The centaur shoots an arrow.
The arrow hits you.
* * * LOW HITPOINT WARNING * * *
You feel better.
The centaur shoots an arrow.
The arrow hits you.
* * * LOW HITPOINT WARNING * * *
Casting: Iskenderun's Mystic Blast (dangerous; 2% risk of failure)
Confirm with . or Enter, or press ? or * to list all spells.
You erupt in a blast of force!
The mystic blast hits the orc warrior.
The orc warrior is severely wounded.
The orc warrior is knocked back by the mystic blast.
The mystic blast hits something.
The mystic blast hits something!
Reactivating autopickup.
You feel a bit more experienced.
The centaur shoots an arrow.
The arrow hits you!
You die...

..#.......#
#..........
##..........
#...o..c....
#..$........
#<.)........
#..?))......
#...@...$...
##.....?....
###......#...
#.....#### #
##....###
##.......#
##....###.#
#.....# .#
#.....# .


You could see an orc warrior and a centaur.

Vanquished Creatures
  2 steam dragons (D:5)
  A black bear (D:5)
  An ogre (D:3)
  A phantom (D:4)
  3 scorpions
  An iguana (D:5)
  An orc wizard (D:6)
  9 gnolls
  5 adders
  An ufetubus (D:4)
  4 worms
  3 dart slugs
  2 orcs
  5 endoplasms
  2 giant cockroaches
  42 goblins
  27 hobgoblins
  4 jackals
  8 kobolds
  A quokka (D:4)
  10 ball pythons
  5 bats
  A frilled lizard (D:2)
  5 rats
144 creatures vanquished.

Vanquished Creatures (others)
  10 fungi (D:5)
10 creatures vanquished.

Grand Total: 154 creatures vanquished

Notes
Turn   | Place    | Note
-------+----------+-------------------------------------------
     0 | D:1      | Ijustatesigmund the Deep Elf Conjurer began the quest for
                  | the Orb.
     0 | D:1      | Reached XP level 1. HP: 10/10 MP: 6/6
   566 | D:2      | Reached XP level 2. HP: 15/15 MP: 3/8
   569 | D:2      | Learned a level 2 spell: Searing Ray
   749 | D:2      | Got the Meditations on Heat
   769 | D:2      | Reached skill level 4 in Spellcasting
   769 | D:2      | Reached skill level 5 in Conjurations
   769 | D:2      | Reached XP level 3. HP: 19/19 MP: 4/10
  1462 | D:2      | Reached XP level 4. HP: 24/24 MP: 10/12
  1467 | D:2      | Learned a level 4 spell: Iskenderun's Mystic Blast
  2077 | D:3      | Reached skill level 1 in Translocations
  2151 | D:3      | Reached skill level 1 in Ranged Weapons
  2161 | D:3      | Reached skill level 5 in Spellcasting
  2343 | D:3      | Reached XP level 5. HP: 28/28 MP: 10/14
  3034 | D:3      | Found a bloodstained altar of Trog.
  3034 | D:3      | Found a basalt altar of Yredelemnul.
  3035 | D:3      | Found a burning altar of Makhleb.
  3269 | D:3      | Found a faded altar of an unknown god.
  3280 | D:3      | Found a shimmering altar of Xom.
  3313 | D:3      | Noticed an ogre
  3318 | D:3      | Killed an ogre
  3319 | D:3      | Reached skill level 6 in Spellcasting
  3319 | D:3      | Reached XP level 6. HP: 20/32 MP: 9/17
  3628 | D:3      | Learned a level 5 spell: Fireball
  3821 | D:4      | Found a staircase to the Ecumenical Temple.
  3838 | Temple   | Entered the Ecumenical Temple
  3974 | D:4      | Found Rinac's Weapon Boutique.
  4209 | D:4      | Reached skill level 1 in Fire Magic
  4795 | D:5      | Entered Level 5 of the Dungeon
  4879 | D:5      | Reached XP level 7. HP: 36/36 MP: 12/18
  5575 | D:5      | Noticed a steam dragon
  5589 | D:5      | Noticed a steam dragon
  5592 | D:5      | Killed a steam dragon
  5593 | D:5      | Reached skill level 7 in Spellcasting
  5595 | D:5      | Killed a steam dragon
  5848 | D:6      | Reached XP level 8. HP: 41/41 MP: 6/21
  5953 | D:6      | Shot with an arrow by a centaur

Illustrated notes

Levels and vault maps discovered:
D:1:      minmay_arrival_shattered_statue, layout_basic
D:2:      layout_loops_ring, minmay_pentomino_u4
D:3:      minmay_goblin_kobold_castle, layout_loops_cross,
          nicolae_overflow_ecumenical_swirl, nicolae_overflow_hidden_temple,
          minmay_misc_feat_x, grunt_ministairs_8, minmay_ogre_servants
D:4:      layout_gridville, minmay_temple_entry_glassed_door, serial_shops, shop
D:5:      kennysheep_steamy, layout_loops_ring
D:6:      minmay_recursive_quarters, layout_rooms, portal_sewer_entry_a,
          serial_shops, shop
Temple:   nicolae_temple_superstar

Skill      XL: |  1  2  3  4  5  6  7 |
---------------+----------------------+-----
Spellcasting   | 4 5 6 7 |  7.4
Conjurations   | 5 6 |  6.5
Translocations | 1 3 4 |  4.7
Ranged Weapons | 1 3 |  3.2
Fire Magic     | 1 3 |  3.3
Dodging        | |  2.4
Stealth        | |  2.4

Action                     |  1- 3 |  4- 6 |  7- 9 || total
---------------------------+-------+-------+-------++-------
  Melee: Mace              |       |     4 |       ||     4
   Fire: Sling             |       |    39 |     3 ||    42
   Cast: Magic Dart        |    58 |    93 |    16 ||   167
         Searing Ray       |     1 |    22 |     1 ||    24
         Iskenderun's Myst |       |     3 |     8 ||    11
  Evoke: Wand              |       |       |     9 ||     9
    Use: Scroll            |     5 |     4 |       ||     9
         Potion            |       |       |     5 ||     5
 Armour: Robe              |     1 |    11 |       ||    12
         Steam dragon scal |       |       |     3 ||     3
  Dodge: Dodged            |     1 |    31 |     5 ||    37

Table legend: (Time is in decaauts)
 A = Elapsed time spent in this place.
 B = Non-inter-level travel time spent in this place.
 C = Inter-level travel time spent in this place.
 D = Time resting spent in this place.
 E = Time spent auto-exploring this place.
 F = Levels seen in this place.
 G = Mean time per level.
                   A        B        C        D        E       F      G
               +--------+--------+--------+--------+--------+-----+--------+
         Total |   5951 |   5765 |    186 |   1034 |   4092 |   7 |  850.1 |
       Dungeon |   5841 |   5671 |    170 |   1034 |   4014 |   6 |  973.5 |
        Temple |    109 |     93 |     16 |      0 |     78 |   1 |  109.0 |
               +--------+--------+--------+--------+--------+-----+--------+

Top non-repeatable levels by time:
     D:3: 2033 daAuts
     D:2: 1135 daAuts
     D:5: 1025 daAuts
     D:4: 989 daAuts
     D:1: 543 daAuts
     D:6: 114 daAuts
  Temple: 109 daAuts
